AoeStats
← 知耻而后勇喜笑颜开

Arabia

507881979Analyzed
1v1 RM · 13d ago on Sep 20, 2026· 23m 40s· 2 players
Game mode
Random Map
Map size
Tiny (2 player)
Population
200
Speed
Normal
Resources
Standard
Victory
Conquest
Starting age
Dark Age
Ending age
Imperial Age
RankedLock teamsTeams togetherTeam positionsShared explorationLock speedFull tech treeHidden civsTurbo modeCheats
Victory
Defeat
🇨🇴 Magyars · Colombia
1564
+11
1452
-11
ThaNoS
6:07 Loom
9:17 Feudal Age
9:48 Double-Bit Axe
20:30 Castle Age
18:41 Gold Mining
18:53 Fletching
19:04 Padded Archer Armor
19:39 Bloodlines
21:10 Bodkin Arrow
22:15 Ballistics
22:35 Bow Saw
23:00 Leather Archer Armor
知耻而后勇喜笑颜开
8:55 Feudal Age
9:03 Loom
9:21 Double-Bit Axe
9:24 Town Watch
9:25 Horse Collar
10:39 Wheelbarrow
11:43 Scale Mail Armor
16:17 Fletching
21:33 Castle Age
20:18 Forging
20:53 Gold Mining
22:29 Bow Saw
22:19 Heavy Plow
22:39 Hand Cart
23:42 Gold Shaft Mining
23:25 Bodkin Arrow
Connection lost

Rejoining the realm…

Still unreachable

The connection could not be restored.

Session expired

The server has moved on; the page needs a fresh start.